 Dungeon Crawl Stone Soup version 0.28-a0-823-gb444dcf96d (webtiles) character file.

Game seed: 6471929962985673474

733572 iamoutofideas the Archmage (level 27, -10/222 HPs)
             Began as a Demonspawn Fire Elementalist on Nov 9, 2021.
             Was the Champion of Vehumet.
             Mangled by an iron golem (35 damage)
             ... on level 14 of a ziggurat on Nov 10, 2021.
             The game lasted 05:33:18 (99633 turns).

iamoutofideas the Archmage (DsFE)                  Turns: 99633, Time: 05:33:19

Health: -10/222    AC: 17    Str: 26    XL:     27
Magic:  29/54      EV: 15    Int: 45    God:    Vehumet [******]
Gold:   5712       SH:  8    Dex: 13    Spells: 2/80 levels left

rFire   + + .      SeeInvis +   i - staff of fire
rCold   + . .      Faith    .   Y - +2 buckler "Nuacaycw" {Contam rElec rC+ rN+}
rNeg    + + +      Spirit   .   O - +2 faerie dragon scales {rCorr Str+4 Int+4 Dex-2}
rPois   +          Reflect  .   J - +0 helmet of Jamou {rN+ Regen+ Int+3}
rElec   +          Harm     .   e - +2 cloak {Will+}
rCorr   +          Rampage  .   (gloves unavailable)
Will    +++++      Clarity  +   L - +2 pair of boots of Precision Catastrophes {Str+7}
Stlth   +++.......              Z - amulet of the Four Winds {rN+ Will+++ Clar}
HPRegen 5.47/turn               E - ring of Hegulafe {rPois rF+ Str-2 Int+6 Stlth+}
MPRegen 0.34/turn               s - ring "Tuid" {Fly rN+ Will+ Str+4 SInv}

@: flying
A: powered by death 3, big brain 3, demonic magic 3, corrupting presence 2, word
of chaos, demonic touch 3, hooves 1, passive freeze, electricity resistance,
strong 1, sturdy frame 1
}: 5/15 runes: decaying, serpentine, slimy, silver, abyssal
a: Word of Chaos, Renounce Religion


You were on level 14 of a ziggurat.
You worshipped Vehumet.
Vehumet was exalted by your worship.
You visited 14 branches of the dungeon, and saw 56 of its levels.
You visited the Abyss 2 times.
You visited 1 bazaar.
You visited 1 ziggurat, and saw 14 of its levels.
You also visited: Trove, Sewer, Bailey, Gauntlet and Ice Cave.

You collected 14567 gold pieces.
You spent 8855 gold pieces at shops.

Inventory:

Hand Weapons
 h - a +3 broad axe of flaming
 F - the +8 mithril axe "Arga" {speed, Will+}
   (You found it on level 5 of a ziggurat)

   Attacks with this weapon are significantly faster.
   Will:      It increases your willpower.
 U - the +4 rapier of Gravity {antimagic, Will+}
   (You found it on level 4 of the Depths)

   It reduces the magical energy of the wielder, and disrupts the spells and
   magical abilities of those it strikes.
   Natural abilities and divine invocations are not affected.
   Will:      It increases your willpower.
Missiles
 v - 3 throwing nets
Armour
 a - the +1 helmet of Circular Logic {Regen+ MP+9 Int-3 Slay+2}
   (You found it on level 1 of a ziggurat)

   Int:       It affects your intelligence (-3).
   Slay:      It affects your accuracy & damage with ranged weapons and melee
   (+2).
   MP:        It affects your magic capacity (+9).
   Regen:     It increases your rate of health regeneration.
 e - a +2 cloak of willpower (worn)
 q - a +2 helmet of see invisible
 B - a +5 ring mail of positive energy
 J - the +0 helmet of Jamou (worn) {rN+ Regen+ Int+3}
   (You found it on level 13 of a ziggurat)

   Int:       It affects your intelligence (+3).
   rN:        It protects you from negative energy.
   Regen:     It increases your rate of health regeneration.
 L - the +2 pair of boots of Precision Catastrophes (worn) {Str+7}
   (You acquired it on level 11 of the Dungeon)

   Str:       It affects your strength (+7).
 O - the +2 faerie dragon scales (worn) {rCorr Str+4 Int+4 Dex-2}
   (You took it off the Enchantress on level 2 of the Depths)

   Str:       It affects your strength (+4).
   Int:       It affects your intelligence (+4).
   Dex:       It affects your dexterity (-2).
   rCorr:     It protects you from acid and corrosion.
 Y - the +2 buckler "Nuacaycw" (worn) {Contam rElec rC+ rN+}
   (You found it on level 6 of the Lair of Beasts)

   rC:        It protects you from cold.
   rElec:     It insulates you from electricity.
   rN:        It protects you from negative energy.
   Contam:    It causes magical contamination when unequipped.
Magical Staves
 i - a staff of fire (weapon)
Jewellery
 s - the ring "Tuid" (right hand) {Fly rN+ Will+ Str+4 SInv}
   (You bought it in a shop on level 2 of the Orcish Mines)

   [ring of willpower]

   Str:       It affects your strength (+4).
   rN:        It protects you from negative energy.
   SInv:      It lets you see invisible.
   Fly:       It grants you flight.
   Will:      It increases your willpower.
 C - the ring of Peace {rPois rC+ Will+ Dex+6}
   (You bought it in a shop on level 1 of the Snake Pit)

   [ring of dexterity]

   Dex:       It affects your dexterity (+6).
   rC:        It protects you from cold.
   rPois:     It protects you from poison.
   Will:      It increases your willpower.
 D - an amulet of magic regeneration
 E - the ring of Hegulafe (left hand) {rPois rF+ Str-2 Int+6 Stlth+}
   (You found it in a treasure trove)

   [ring of intelligence]

   Str:       It affects your strength (-2).
   Int:       It affects your intelligence (+6).
   rF:        It protects you from fire.
   rPois:     It protects you from poison.
   Stlth:     It makes you more stealthy.
 M - the ring "Xirik" {rPois rF+ Str+3}
   (You found it on level 5 of the Pits of Slime)

   [ring of protection from fire]

   Str:       It affects your strength (+3).
   rF:        It protects you from fire.
   rPois:     It protects you from poison.
 Q - the ring "Xuaffig" {rCorr MP+9}
   (You took it off a minotaur in a Gauntlet)

   [ring of resist corrosion]

   MP:        It affects your magic capacity (+9).
   rCorr:     It protects you from acid and corrosion.
 Z - the amulet of the Four Winds (around neck) {rN+ Will+++ Clar}
   (You found it on level 9 of a ziggurat)

   [amulet of nothing]

   rN:        It protects you from negative energy.
   Clar:      It protects you against confusion.
   Will:      It greatly increases your willpower.
Wands
 G - a wand of acid (58)
 H - a wand of mindburst (10)
 N - a wand of charming (31)
 P - a wand of digging (5)
 S - a wand of iceblast (109)
Scrolls
 b - 4 scrolls of amnesia
 d - 6 scrolls of silence
 l - 4 scrolls of torment
 p - 4 scrolls of enchant armour
 r - 8 scrolls of fog
 w - 2 scrolls of holy word
 x - 4 scrolls of summoning
 y - 11 scrolls of magic mapping
 A - 17 scrolls of teleportation
 R - 5 scrolls of immolation
 X - 6 scrolls of fear
Potions
 c - 7 potions of ambrosia
 f - 18 potions of haste
 g - 8 potions of lignification
 j - 14 potions of might
 k - a potion of heal wounds
 m - 5 potions of berserk rage
 n - 15 potions of flight
 t - 3 potions of invisibility
 u - 15 potions of mutation
 z - 23 potions of curing
 I - 6 potions of cancellation
 K - 5 potions of resistance
 T - 9 potions of brilliance
Miscellaneous
 o - a phantom mirror
 V - a condenser vane


   Skills:
 + Level 19.5 Fighting
 + Level 0.1(0.2) Short Blades
 + Level 0.4 Long Blades
 + Level 3.8 Staves
 + Level 5.3 Armour
 + Level 8.1 Dodging
 - Level 1.7 Stealth
 + Level 8.7 Shields
 O Level 27 Spellcasting
 + Level 22.1 Conjurations
 + Level 5.5 Necromancy
 + Level 0.8 Translocations
 + Level 2.9 Transmutations
 + Level 26.0 Fire Magic
 + Level 1.6 Ice Magic
 + Level 13.2 Air Magic
 - Level 8.1 Earth Magic


You had 2 spell levels left.
You knew the following spells:

 Your Spells              Type           Power      Damage    Failure   Level
a - Necromutation         Tmut/Necr      39%        N/A       69%         8
b - Chain Lightning       Conj/Air       60%        3d80      1%          9
c - Flame Wave            Conj/Fire      100%       3d16      0%          4
d - Maxwell's Capacitive  Air            54%        ∞         1%          8
e - Ignition              Fire           82%        3d21      1%          8
f - Blink                 Tloc           100%       N/A       1%          2
g - Lightning Bolt        Conj/Air       60%        1d83      0%          5
h - Freezing Cloud        Conj/Ice/Air   53%        6-21      1%          5
i - Swiftness             Air            100%       N/A       0%          3
j - Iron Shot             Conj/Erth      57%        9d11      1%          6
k - Fireball              Conj/Fire      80%        3d30      0%          5
l - Fire Storm            Conj/Fire      80%        8d20      1%          9
m - Statue Form           Tmut/Erth      56%        N/A       1%          6

Your spell library contained the following spells:

 Spells                   Type           Power      Damage    Failure   Level
 Shatter                  Erth           46%        3d36*     56%         9
 Animate Skeleton         Necr           100%       N/A       0%          1
 Foxfire                  Conj/Fire      100%       2x1d9     0%          1
 Magic Dart               Conj           100%       1d8       0%          1
 Sandblast                Erth           100%       2d20      0%          1
 Shock                    Conj/Air       100%       1d9       0%          1
 Corpse Rot               Necr/Air       100%       N/A       0%          2
 Poisonous Vapours        Pois/Air       100%       N/A       0%          2
 Scorch                   Fire           100%       2d10      0%          2
 Searing Ray              Conj           100%       2d8       0%          2
 Apportation              Tloc           100%       N/A       1%          1
 Beastly Appendage        Tmut           100%       N/A       1%          1
 Freeze                   Ice            100%       1d11      1%          1
 Sting                    Tmut/Pois      100%       1d8       1%          1
 Summon Small Mammal      Summ           100%       N/A       1%          1
 Ensorcelled Hibernation  Hex/Ice        100%       N/A       1%          2
 Passwall                 Tmut/Erth      70%        N/A       1%          2
 Sublimation of Blood     Necr           84%        N/A       1%          2
 Wereblood                Tmut           72%        N/A       1%          2
 Conjure Flame            Conj/Fire      100%       6-21      0%          3
 Dazzling Flash           Conj/Hex       100%       N/A       0%          3
 Ignite Poison            Fire/Tmut/Pois 100%       N/A       0%          3
 Inner Flame              Hex/Fire       100%       N/A       0%          3
 Mephitic Cloud           Conj/Pois/Air  100%       N/A       0%          3
 Stone Arrow              Conj/Erth      100%       3d13      0%          3
 Airstrike                Air            54%        N/A       0%          4
 Hailstorm                Conj/Ice       100%       3d20      0%          4
 Iskenderun's Mystic Bla  Conj/Tloc      100%       2d19      0%          4
 Sticky Flame             Conj/Fire      100%       2d11      0%          4
 Iskenderun's Battlesphe  Conj           100%       2d15      0%          5
 Starburst                Conj/Fire      80%        6d20      0%          6
 Orb of Destruction       Conj           65%        9d18      0%          7
 Call Canine Familiar     Summ           57%        N/A       1%          3
 Gell's Gravitas          Tloc           61%        N/A       1%          3
 Ozocubu's Armour         Ice            66%        N/A       1%          3
 Spider Form              Tmut/Pois      65%        N/A       1%          3
 Summon Guardian Golem    Hex/Summ       57%        N/A       1%          3
 Teleport Other           Tloc           61%        N/A       1%          3
 Tukima's Dance           Hex            57%        N/A       1%          3
 Vampiric Draining        Necr           84%        2d12      1%          3
 Animate Armour           Summ/Erth      100%       N/A       1%          4
 Cause Fear               Hex            28%        N/A       1%          4
 Dispel Undead            Necr           84%        3d27      1%          4
 Ice Form                 Ice/Tmut       69%        N/A       1%          4
 Leda's Liquefaction      Hex/Erth       38%        N/A       1%          4
 Olgreb's Toxic Radiance  Pois           57%        N/A       1%          4
 Passage of Golubria      Tloc           61%        N/A       1%          4
 Petrify                  Tmut/Erth      84%        N/A       1%          4
 Summon Ice Beast         Ice/Summ       62%        N/A       1%          4
 Summon Lightning Spire   Summ/Air       88%        N/A       1%          4
 Agony                    Necr           84%        N/A       1%          5
 Alistair's Intoxication  Tmut/Pois      43%        N/A       1%          5
 Blade Hands              Tmut           36%        N/A       1%          5
 Borgnjor's Vile Clutch   Necr/Erth      44%        N/A       1%          5
 Irradiate                Conj/Tmut      54%        3d31      1%          5
 Manifold Assault         Tloc           61%        N/A       1%          5
 Metabolic Englaciation   Hex/Ice        31%        N/A       1%          5
 Silence                  Hex/Air        44%        N/A       1%          5
 Yara's Violent Unravell  Hex/Tmut       32%        3d13      1%          5
 Conjure Ball Lightning   Conj/Air       60%        3x3d22    1%          6
 Death Channel            Necr           42%        N/A       1%          6
 Spellforged Servitor     Conj/Summ      51%        N/A       1%          7
 Lehudib's Crystal Spear  Conj/Erth      57%        10d13     1%          8
 Summon Forest            Summ/Tloc      29%        N/A       2%          5
 Summon Mana Viper        Hex/Summ       57%        N/A       2%          5
 Eringya's Noxious Bog    Tmut/Pois      32%        N/A       2%          6
 Storm Form               Tmut/Air       46%        N/A       2%          7
 Dispersal                Tloc           30%        N/A       11%         6
 Ozocubu's Refrigeration  Ice            33%        4d11      11%         7
 Invisibility             Hex            28%        N/A       14%         6
 Summon Cactus Giant      Summ           28%        N/A       14%         6
 Dragon Form              Tmut           36%        N/A       22%         7
 Borgnjor's Revivificati  Necr           42%        N/A       50%         8
 Summon Hydra             Summ           28%        N/A       56%         7
 Disjunction              Tloc           30%        N/A       98%         8
 Discord                  Hex            28%        N/A       99%         8
 Summon Horrible Things   Summ           28%        N/A       99%         8
 Death's Door             Necr           42%        N/A       100%        9
 Dragon's Call            Summ           28%        N/A       100%        9
 Polar Vortex             Ice            33%        N/A       100%        9


Dungeon Overview and Level Annotations

Branches:
Dungeon (15/15)            Temple (1/1) D:7            Lair (6/6) D:8
  Swamp (4/4) Lair:3        Snake (4/4) Lair:3        Slime (5/5) Lair:6
    Orc (2/2) D:10            Elf (3/3) Orc:2        Vaults (5/5) D:14
  Crypt (3/3) Vaults:2       Tomb (1/3) Crypt:3      Depths (4/4) D:15
   Hell (visited)             Zot (2/5) Depths:4      Sewer (visited)
 Bailey (visited)           IceCv (visited)         Gauntlet (visited)
    Dis: Hell:1         Geh: Hell:1         Coc: Hell:1         Tar: Hell:1

Altars:
Ashenzari
Cheibriados
Dithmenos
Elyvilon
Fedhas
Gozag
Hepliaklqana
Kikubaaqudgha
Makhleb
Nemelex Xobeh
Okawaru
Qazlal
Ru
Sif Muna
Trog
Uskayaw
Vehumet
Wu Jian
Xom
Yredelemnul
Zin
The Shining One
Beogh
Jiyva
Lugonu

Shops:
D:5 *   Orc:1 *   Orc:2 =*([   Snake:1 =:=   Snake:4 *[[!   Vaults:1 [*(
Vaults:4 (   Vaults:5 !!([!**   Depths:1 [[*   Depths:2 ?

Portals:
Hell: Depths:1 Depths:2 Depths:3 Depths:4
Abyss: Depths:3
Pandemonium: Depths:2

Annotations:
D:8 exclusion: oklob plant
Swamp:2 exclusion: downstairs
Elf:2 3 runed translucent doors
Hell Murray


Innate Abilities, Weirdness & Mutations

You regenerate a lot of health from kills.
You have an absolutely massive brain. (Int +6, Wiz)
Spells you cast and wands you use may paralyse nearby enemies.
Your presence sometimes corrodes or deforms those you injure.
You can speak a Word of Chaos.
Your touch may irresistibly damage your foes and sap their willpower.
You have large cloven feet.
A frigid envelope surrounds you and freezes all who hurt you.
You are resistant to electric shocks. (rElec)
Your muscles are strong. (Str +2)
Your movements are slightly less encumbered by armour. (ER -2)


Message History

The iron golem resists.
The iron golem is lightly damaged.
Malevolent energies surge around you. 2 iron golems come into view.
Unknown command.
Press: ? - help, v - describe, . - travel
Here: an iron golem (heavily damaged)
The floor.
Casting: Chain Lightning (dangerous; 1% risk of failure)
Confirm with . or Enter, or press ? or * to list all spells.
You don't have enough magic to cast this spell.
Unknown command.
The iron golem moves out of view. x2
Okay, then.
You are confused.
You feel invigorated.
Unknown command.
Unknown command.
The iron golem hits you!!
The iron golem completely resists.
The iron golem hits you but does no damage.
The iron golem completely resists.
The iron golem hits you!!
* * * LOW HITPOINT WARNING * * *
The iron golem completely resists.
The iron golem hits you!!
* * * LOW HITPOINT WARNING * * *
The iron golem completely resists.
You are too confused!
Unknown command.
Okay, then.
Okay, then.
You feel better.
You feel less invigorated. The iron golem hits you.
* * * LOW HITPOINT WARNING * * *
The iron golem completely resists.
The iron golem hits you!
* * * LOW HITPOINT WARNING * * *
The iron golem completely resists.
You block the iron golem's attack. The iron golem hits you!
* * * LOW HITPOINT WARNING * * *
The iron golem completely resists.
The iron golem hits you but does no damage.
The iron golem completely resists.
The iron golem hits you!!
You die...

▓▓▓▓▓▓▓▓▓▓
.v.......▓▓
.......§..▓▓
......§99..▓▓
..)....99@..▓▓
.......99....▓▓
...)..........▓▓
))...........∩.▓
..............▓▓
.............▓▓
............▓▓
.........▓▓
......▓


You could see 6 iron golems.

Vanquished Creatures
  the Royal Jelly (Slime:5)
  Dissolution (Slime:3)
  A dread lich (Abyss:3)
  3 orbs of fire
  Mara (Vaults:2)
  7 ancient liches
  4 juggernauts
  The ghost of SlowGraham the Acrobat, a legendary KoMo of Trog (Vaults:2)
  Bai Suzhen (Swamp:3)
  2 pandemonium lords
  Xtahua (Vaults:3)
  Margery (Depths:4)
  2 curse toes (Zot:2)
  Vashnia (Snake:4)
  Geryon (Hell)
  2 caustic shrikes
  8 golden dragons
  The ghost of Zelyutor the Brawler, an adept TrMo of Trog (Depths:4)
  Nikola (Swamp:4)
  the Enchantress (Depths:2)
  Jory (Crypt:1)
  2 profane servitors
  An electric golem (Zot:2)
  2 Brimstone Fiends (Zig:11)
  6 bone dragons
  2 iron giants
  2 walking crystal tomes
  4 Hell Sentinels
  Jorgrun (D:13)
  16 tentacled monstrosities
  2 deep elf blademasters (Elf:3)
  6 liches
  2 deep elf master archers (Elf:3)
  A walking divine tome (Depths:2)
  8 titans
  20 acid blobs
  7 quicksilver dragons
  8 ancient champions
  A walking frostbound tome (Depths:2)
  The ghost of Hasuug the Whirler, an adept HaHu of Okawaru (Depths:4)
  The ghost of Woytaw the Whirler, an adept HaHu of Okawaru (Depths:4)
  The ghost of Bocughoh the Whirler, an adept HaHu of Okawaru (Depths:4)
  The ghost of Woytaw the Whirler, an adept HaHu of Okawaru (Depths:4)
  3 Executioners (Zig:10)
  8 tentacled starspawn
  8 death cobs
  Frances (D:13)
  4 sphinxes
  11 shadow dragons
  11 storm dragons
  Kirke (D:12)
  12 azure jellies
  A thorn hunter (Swamp:4)
  10 tengu reavers
  7 draconian monks
  8 rockslimes
  4 nagarajas
  5 draconian knights
  4 fenstrider witches
  6 revenants
  2 iron dragons
  6 draconian scorchers
  13 fire giants
  The ghost of Xotausus the Blocker, an adept DsFi of Okawaru (Swamp:3)
  Louise (Swamp:4)
  A spectral juggernaut (Crypt:3)
  6 deep elf sorcerers
  2 balrugs
  5 quicksilver elementals (Zig:14)
  10 deep elf elementalists (Elf:3)
  10 draconian shifters
  5 orc warlords
  14 vault wardens
  10 frost giants
  Aizul (Snake:3)
  An angel (Depths:2)
  11 ghouls
  5 draconian stormcallers
  7 spriggan defenders
  2 demonspawn corrupters
  The ghost of Waedd the Thaumaturge, a journeyman OpVM of Hepliaklqana (Depths:4)
  2 draconian annihilators
  3 curse skulls
  3 demonspawn blood saints (Zig:10)
  3 war gargoyles
  7 quicksilver oozes
  7 reapers
  A demonspawn black sun (Zig:10)
  30 ironbound preservers
  13 very ugly things
  16 stone giants
  36 starcursed masses
  Azrael (Snake:3)
  15 vampire knights
  9 deep elf annihilators
  2 grey draconians (Depths:4)
  7 deep elf demonologists
  7 green draconians
  7 dire elephants
  Nessos (D:12)
  A minotaur (Gauntlet)
  7 white draconians
  3 bunyips
  2 entropy weavers
  5 lorocyprocas
  6 black draconians
  6 purple draconians
  3 spark wasps
  9 red draconians
  11 yellow draconians
  5 eidola
  12 ettins
  8 deep elf death magi
  7 crystal guardians
  Josephine (Lair:4)
  A quicksilver dragon zombie (Crypt:1)
  2 blizzard demons (IceCv)
  Snorg (Lair:3)
  A shambling mangrove (Swamp:1)
  27 jiangshi
  6 green deaths
  9 deep elf high priests
  10 fire dragons
  9 great orbs of eyes
  2 great orbs of eyes (shapeshifter) (Abyss:4)
  13 yaktaur captains
  5 salamander tyrants
  Fannar (Lair:1)
  5 rakshasas
  6 boulder beetles
  7 ice dragons
  4 ironbound thunderhulks
  25 hydras
  2 ogre magi
  37 vault guards
  4 spriggan air magi
  A ghost crab (Swamp:4)
  16 naga warriors
  A catoblepas (D:13)
  A hell beast (Zig:11)
  6 centaur warriors
  5 death knights
  2 merfolk aquamancers (Zig:6)
  Erica (D:8)
  5 ironbound frosthearts
  17 anacondas
  2 satyrs (Zig:3)
  15 two-headed ogres
  6 hell hogs
  9 dancing weapons
  6 death yaks
  6 tengu warriors
  A two-headed ogre (shapeshifter) (D:15)
  The ghost of jasper the Cleaver, a novice DsAr of Uskayaw (D:10)
  6 alligators
  7 deep troll earth magi
  10 deep troll shamans
  9 vampire magi
  6 shock serpents
  5 spriggan berserkers
  13 deep elf knights
  5 orc high priests
  Urug (Lair:4)
  12 naga sharpshooters
  A shock serpent (shapeshifter) (D:14)
  24 hell knights
  A spectral spriggan (Crypt:3)
  5 soul eaters
  13 thrashing horrors
  3 sun demons
  A crystal echidna (Zig:14)
  4 wretched stars
  Nergalle (Orc:1)
  10 iron trolls
  6 salamander mystics
  2 sixfirhies
  7 shadow wraiths
  47 skeletal warriors
  4 goliath frogs
  A spatial maelstrom (Abyss:3)
  6 sea snakes
  10 flayed ghosts
  6 spriggan druids
  2 fire crabs
  3 glowing orange brains
  A deep troll (shapeshifter) (Vaults:5)
  83 deep trolls
  2 obsidian statues
  8 swamp dragons
  13 orc knights
  13 wizards
  17 naga ritualists
  A bunyip skeleton (Abyss:2)
  2 golden dragon skeletons
  A glowing orange brain (shapeshifter) (Depths:3)
  A lindwurm (shapeshifter) (Vaults:5)
  11 deep elf archers
  15 phantasmal warriors
  8 bog bodies
  An orange crystal statue (Vaults:4)
  Pikel (D:5)
  23 ironbound convokers
  24 deep elf pyromancers
  A shadow dragon zombie (Depths:2)
  9 harpies
  23 deep elf zephyrmancers
  An orb spider (shapeshifter) (Vaults:5)
  15 mana vipers
  A salamander (shapeshifter) (Elf:1)
  6 cyclopes
  4 lindwurms
  13 necromancers
  A tengu skeleton (Vaults:2)
  5 orc sorcerers
  4 shining eyes
  A faun (shapeshifter) (Vaults:5)
  An orb spider (Abyss:4)
  37 ugly things
  4 will-o-the-wisps
  17 moths of wrath
  3 spectral centaurs (D:10)
  19 salamanders
  6 oklob plants (Lair:6)
  16 fauns
  6 manticores
  A merfolk siren (Zig:6)
  2 stone giant skeletons (Vaults:2)
  6 elephants
  An apocalypse crab (Abyss:4)
  2 frost giant skeletons
  31 vault sentinels
  47 black mambas
  4 ice statues
  13 naga magi
  4 eyes of devastation
  3 guardian serpents
  10 smoke demons
  A red draconian zombie (Crypt:2)
  7 rust devils
  15 cane toads
  A gargoyle (D:12)
  2 water nymphs (Zig:6)
  4 guardian serpents (shapeshifter)
  5 orange demons
  A spriggan zombie (Depths:2)
  A pale draconian zombie (Crypt:2)
  36 yaktaurs
  4 kobold demonologists
  9 unseen horrors
  A rime drake (shapeshifter) (Vaults:1)
  A demonic crawler (Hell)
  3 hellions
  A tormentor (Zig:11)
  A yellow draconian zombie (Crypt:2)
  4 anaconda simulacra (IceCv)
  2 efreet
  5 rime drakes
  10 komodo dragons
  12 entropy weaver simulacra
  9 freezing wraiths
  2 catoblepas zombies
  2 red devils
  7 tengu conjurers
  6 ice devils (IceCv)
  A golden dragon simulacrum (IceCv)
  3 hellwings (Abyss:2)
  2 yaktaur skeletons (Vaults:2)
  5 ancient zymes
  A jumping spider (Vaults:1)
  6 merfolk
  A harpy skeleton (Crypt:2)
  7 trolls
  A wind drake (Zig:3)
  4 polar bears
  12 tyrant leeches
  12 hornets
  A jumping spider zombie (Crypt:1)
  77 slime creatures
  2 bloated husks
  8 blink frogs
  28 large abominations
  A blink frog (shapeshifter) (Elf:1)
  18 raiju
  8 dream sheep
  A satyr zombie (Crypt:2)
  An air elemental (Elf:3)
  A centaur simulacrum (D:10)
  57 flying skulls
  A vampire (D:12)
  A tarantella (shapeshifter) (Abyss:1)
  15 small abominations
  Sigmund (D:6)
  5 redbacks
  2 redbacks (shapeshifter) (Vaults:5)
  A spriggan (shapeshifter) (Vaults:2)
  2 dire elephant simulacra
  26 spriggans
  10 water elementals
  A tarantella (Vaults:4)
  Eustachio (D:5)
  7 spriggan simulacra
  14 wraiths
  6 shadows
  5 ynoxinuls
  A hog (D:12)
  27 yaks
  An ushabti (Zig:2)
  2 elf skeletons (Vaults:2)
  2 golden eyes (Slime:5)
  10 wyverns
  Grum (D:9)
  4 chaos spawn
  8 fire elementals
  2 fire bats (Gauntlet)
  2 steam dragons
  2 basilisks
  2 minotaur simulacra (IceCv)
  25 vampire mosquitoes
  Menkaure (D:5)
  4 spatial vortices (Abyss:4)
  10 wargs
  15 swamp worms
  2 harpy simulacra
  43 nagas
  21 water moccasins
  4 acid dragons
  A hell hound (Swamp:1)
  A floating eye (Slime:5)
  7 swamp drakes
  A deep troll skeleton (Crypt:3)
  4 black bears
  6 human skeletons (Vaults:2)
  77 orc warriors
  3 sky beasts
  9 necrophages
  35 wolves
  4 alligator simulacra (IceCv)
  11 ogres
  5 boggarts (Lair:6)
  18 centaurs
  4 lemures
  4 kobold brigands
  A salamander zombie (Crypt:1)
  Blork the orc (D:5)
  A scorpion (D:4)
  19 bullfrogs
  8 deep troll simulacra
  A gnoll sergeant (D:10)
  A wyvern zombie (D:6)
  4 earth elementals
  A water moccasin zombie (D:4)
  3 wyvern skeletons
  2 water moccasin skeletons
  An elephant simulacrum (Lair:3)
  2 lindwurm simulacra (IceCv)
  9 electric eels
  9 killer bees
  3 wights (D:9)
  3 howler monkeys
  5 centaur zombies
  3 hounds
  32 orc priests
  3 centaur skeletons
  2 iron imps
  4 iguanas
  21 orc wizards
  2 killer bee zombies
  2 wolf simulacra (Lair:3)
  2 dwarf zombies
  2 hound skeletons
  A mummy (Zig:2)
  A howler monkey zombie (D:5)
  15 gnolls
  20 adders
  A howler monkey skeleton (D:7)
  A naga simulacrum (Lair:3)
  2 river rats (Sewer)
  6 white imps
  4 ufetubi
  2 adder skeletons (D:4)
  4 adder zombies (D:4)
  A worm (shapeshifter) (Depths:2)
  4 worms
  5 dart slugs
  105 orcs
  8 endoplasms
  7 giant cockroaches
  27 goblins
  18 hobgoblins
  4 jackals (D:2)
  7 quokkas
  A river rat zombie (Crypt:1)
  13 ball pythons
  2 bats
  3 frilled lizards
  20 kobolds
  An orc zombie (Crypt:1)
  8 rats
  A rat zombie (Crypt:2)
  2 bushes (D:8)
  6 fire vortices
  2 lurking horrors (Abyss:4)
  7 starspawn tentacles
3005 creatures vanquished.

Vanquished Creatures (collateral kills)
  Frederick (Vaults:3)
  A walking divine tome (Depths:4)
  A tentacled starspawn (Abyss:2)
  A death cob (Zot:1)
  A sphinx (Vaults:5)
  A draconian annihilator (Zot:2)
  A yellow draconian (Zot:2)
  An ettin (Depths:3)
  A spatial maelstrom (Abyss:4)
  A moth of wrath (Zig:8)
  A hornet (Depths:4)
  A large abomination (Abyss:3)
  A flying skull (Crypt:3)
  A spatial vortex (Abyss:4)
  An ufetubus (Abyss:3)
  A rat zombie (Crypt:1)
  11 foxfires
  A starspawn tentacle (Abyss:2)
28 creatures vanquished.

Vanquished Creatures (others)
  An eleionoma (Swamp:4)
  A wretched star (Abyss:4)
  A deep elf pyromancer (Elf:2)
  A will-o-the-wisp (Swamp:4)
  A deep elf zephyrmancer (Elf:1)
  A tyrant leech (Swamp:4)
  5 golden eyes (Abyss:3)
  3 humans (D:12)
  A swamp worm (Swamp:4)
  A small abomination (Abyss:3)
  3 ball lightnings (Orc:2)
  5 demonic plants (Gauntlet)
  226 fire vortices
  2465 foxfires
  97 fungi
  135 plants
  9 starspawn tentacles
  20 toadstools
  A withered plant (D:4)
2977 creatures vanquished.

Grand Total: 6010 creatures vanquished

Notes
Turn   | Place    | Note
-------+----------+-------------------------------------------
     0 | D:1      | iamoutofideas the Demonspawn Fire Elementalist began the
                  | quest for the Orb.
     0 | D:1      | Reached XP level 1. HP: 13/13 MP: 3/3
     4 | D:1      | You fall into a shaft and drop 1 floor!
   184 | D:2      | Noticed an ogre
   207 | D:1      | Found a faded altar of an unknown god.
   589 | D:1      | Gained mutation: Spells you cast may paralyse adjacent
                  | enemies. [demonic ancestry]
   589 | D:1      | Reached XP level 2. HP: 19/19 MP: 3/5
  1371 | D:1      | Learned a level 2 spell: Scorch
  1538 | D:1      | Gained mutation: You regenerate a little health from kills.
                  | [demonic ancestry]
  1538 | D:1      | Reached XP level 3. HP: 24/24 MP: 1/6
  2114 | D:2      | Reached skill level 3 in Spellcasting
  2365 | D:2      | Reached XP level 4. HP: 30/30 MP: 3/8
  3098 | D:2      | Killed an ogre
  3099 | D:2      | Gained mutation: You have an unusually large brain. (Int
                  | +2) [demonic ancestry]
  3099 | D:2      | Reached XP level 5. HP: 35/35 MP: 1/10
  3224 | D:3      | Noticed an ogre
  3228 | D:3      | Killed an ogre
  3229 | D:3      | Reached skill level 4 in Spellcasting
  3311 | D:3      | Gained mutation: Your touch may inflict minor irresistible
                  | damage on your foes. [demonic ancestry]
  3311 | D:3      | Reached XP level 6. HP: 41/41 MP: 6/12
  3416 | D:3      | Learned a level 4 spell: Flame Wave
  3675 | D:3      | Learned a level 4 spell: Passage of Golubria
  4237 | D:3      | You fall into a shaft and drop 2 floors!
  4237 | D:5      | Entered Level 5 of the Dungeon
  4237 | D:5      | Noticed Eustachio
  4237 | D:5      | Noticed Pikel
  4439 | D:4      | Found a glowing drain.
  4457 | Sewer    | Entered a sewer
  4583 | Sewer    | Learned a level 3 spell: Conjure Flame
  4813 | Sewer    | Reached skill level 5 in Spellcasting
  4813 | Sewer    | Gained mutation: Spells you cast may paralyse nearby
                  | enemies. [demonic ancestry]
  4813 | Sewer    | Reached XP level 7. HP: 46/46 MP: 3/14
  5738 | D:4      | Found a shadowy altar of Dithmenos.
  7054 | D:5      | Noticed Blork the orc
  7064 | D:5      | Reached skill level 5 in Conjurations
  7066 | D:5      | Killed Blork the orc
  7067 | D:5      | Reached skill level 5 in Fire Magic
  7067 | D:5      | Gained mutation: Your touch may inflict irresistible damage
                  | on your foes. [demonic ancestry]
  7067 | D:5      | Reached XP level 8. HP: 49/52 MP: 0/16
  7186 | D:5      | Killed Eustachio
  7187 | D:5      | Reached skill level 6 in Spellcasting
  7355 | D:5      | Killed Pikel
  7380 | D:5      | Reached skill level 7 in Spellcasting
  7386 | D:5      | Noticed Menkaure
  7492 | D:5      | Killed Menkaure
  7603 | D:5      | Gained mutation: Your presence sometimes corrodes those you
                  | injure. [demonic ancestry]
  7603 | D:5      | Reached XP level 9. HP: 50/57 MP: 13/19
  7695 | D:5      | Found an ornate altar of the Wu Jian Council.
  8065 | D:5      | Found Pusim's CLEARANCE SALE!.
  8089 | D:5      | Bought a scroll of blinking for 30 gold pieces
  8089 | D:5      | Bought a potion of haste for 40 gold pieces
  8117 | D:6      | Noticed Sigmund
  8124 | D:6      | Killed Sigmund
  8391 | D:6      | Found a burning altar of Makhleb.
  8394 | D:6      | Found an iron altar of Okawaru.
  8462 | D:6      | Found an opulent altar of Gozag.
  8462 | D:6      | Found a sparkling altar of Nemelex Xobeh.
  9924 | D:7      | Reached skill level 8 in Spellcasting
 10813 | D:7      | Found a staircase to the Ecumenical Temple.
 10959 | Temple   | Entered the Ecumenical Temple
 11008 | Temple   | Became a worshipper of Vehumet
 11444 | D:7      | Reached XP level 10. HP: 64/64 MP: 16/22
 12176 | D:8      | Noticed a two-headed ogre
 12182 | D:8      | Killed a two-headed ogre
 12183 | D:8      | Reached skill level 9 in Spellcasting
 12192 | D:8      | Noticed Erica
 12199 | D:8      | Killed Erica
 12565 | D:8      | Reached * piety under Vehumet
 12565 | D:8      | Offered knowledge of Freeze by Vehumet.
 13187 | D:8      | Gained mutation: You have an extremely huge brain. (Int +4)
                  | [demonic ancestry]
 13187 | D:8      | Reached XP level 11. HP: 60/69 MP: 13/24
 13348 | D:8      | Noticed a two-headed ogre
 13357 | D:8      | Killed a two-headed ogre
 13562 | D:8      | Found a staircase to the Lair.
 13640 | D:8      | Reached skill level 10 in Fire Magic
 13900 | D:8      | Found a blossoming altar of Fedhas.
 13922 | D:8      | Noticed an oklob plant
 14339 | D:9      | Reached skill level 10 in Spellcasting
 14445 | D:9      | Noticed Grum
 14452 | D:9      | Killed Grum
 14456 | D:9      | Offered knowledge of Magic Dart by Vehumet.
 14457 | D:9      | Reached ** piety under Vehumet
 14470 | D:9      | Noticed a sun demon
 14815 | D:9      | Found a bloodstained altar of Trog.
 14952 | D:9      | Reached skill level 1 in Shields
 15148 | D:9      | Found a sacrificial altar of Ru.
 15195 | D:9      | Found a basalt altar of Yredelemnul.
 15198 | D:9      | Found a stormy altar of Qazlal.
 15344 | D:10     | Entered Level 10 of the Dungeon
 15376 | D:10     | Noticed a two-headed ogre
 15383 | D:10     | Killed a two-headed ogre
 15903 | D:10     | Found a runed translucent gate.
 15903 | D:10     | Found a runed translucent gate.
 15904 | D:10     | Found a runed translucent gate.
 15960 | D:10     | Noticed jasper's ghost (novice DsAr)
 16205 | D:10     | Offered knowledge of Mephitic Cloud by Vehumet.
 16208 | D:10     | Reached skill level 11 in Spellcasting
 16214 | D:10     | Noticed a five-headed hydra
 16363 | D:10     | Killed a five-headed hydra
 16364 | D:10     | Reached skill level 1 in Fighting
 16647 | D:10     | Found a staircase to the Orcish Mines.
 16814 | D:11     | Learned a level 3 spell: Mephitic Cloud
 16820 | D:11     | Learned a level 5 spell: Lightning Bolt
 16836 | D:11     | Found a flagged portal.
 16874 | Bailey   | Entered a bailey
 16891 | Bailey   | Reached *** piety under Vehumet
 16970 | Bailey   | Offered knowledge of Ignite Poison by Vehumet.
 17164 | Bailey   | Noticed an orc warlord
 17170 | Bailey   | Reached **** piety under Vehumet
 17190 | Bailey   | Killed an orc warlord
 17191 | Bailey   | Reached skill level 10 in Conjurations
 17191 | Bailey   | Gained mutation: Your touch may irresistibly damage your
                  | foes and sap their willpower. [demonic ancestry]
 17191 | Bailey   | Reached XP level 12. HP: 76/76 MP: 6/27
 17287 | Bailey   | Offered knowledge of Hailstorm by Vehumet.
 17293 | Bailey   | Learned a level 4 spell: Hailstorm
 17987 | D:11     | Noticed a two-headed ogre
 17992 | D:11     | Reached ***** piety under Vehumet
 17994 | D:11     | Offered knowledge of Conjure Ball Lightning by Vehumet.
 17996 | D:11     | Killed a two-headed ogre
 18045 | D:11     | Noticed a two-headed ogre
 18050 | D:11     | Killed a two-headed ogre
 18051 | D:11     | Reached skill level 12 in Spellcasting
 18131 | D:11     | Learned a level 6 spell: Conjure Ball Lightning
 18191 | D:11     | Noticed a two-headed ogre
 18196 | D:11     | Killed a two-headed ogre
 18464 | D:12     | Noticed a boulder beetle
 18467 | D:11     | Acquired a book of Power
 18469 | D:11     | Acquired the +2 pair of boots of Precision Catastrophes
                  | {Str+7}
 18559 | D:12     | Killed a boulder beetle
 18967 | D:12     | Noticed Kirke
 18975 | D:12     | Killed Kirke
 19430 | D:12     | Noticed Nessos
 19438 | D:12     | Killed Nessos
 19439 | D:12     | Reached skill level 1 in Armour
 19799 | Lair:1   | Entered Level 1 of the Lair of Beasts
 19808 | D:8      | Gained mutation: Your muscles are strong. (Str +2) [potion
                  | of mutation]
 19808 | D:8      | Gained mutation: You have a pair of small horns on your
                  | head. [potion of mutation]
 19809 | D:8      | Lost mutation: Your muscles are strong. (Str +2) [potion of
                  | mutation]
 19809 | D:8      | Lost mutation: You have a pair of small horns on your head.
                  | [potion of mutation]
 19809 | D:8      | Gained mutation: You occasionally shout uncontrollably at
                  | your foes. [potion of mutation]
 19809 | D:8      | Gained mutation: You frequently scream uncontrollably at
                  | your foes. [potion of mutation]
 19809 | D:8      | Gained mutation: You have a pair of small horns on your
                  | head. [potion of mutation]
 19810 | D:8      | Lost mutation: You have a pair of small horns on your head.
                  | [potion of mutation]
 19810 | D:8      | Lost mutation: You frequently scream uncontrollably at your
                  | foes. [potion of mutation]
 19810 | D:8      | Gained mutation: Your mind is acute. (Int +2) [potion of
                  | mutation]
 19810 | D:8      | Gained mutation: Your mind is very acute. (Int +4) [potion
                  | of mutation]
 19811 | D:8      | Lost mutation: Your mind is very acute. (Int +4) [potion of
                  | mutation]
 19811 | D:8      | Lost mutation: Your mind is acute. (Int +2) [potion of
                  | mutation]
 19811 | D:8      | Gained mutation: You are robust. (+10% HP) [potion of
                  | mutation]
 19811 | D:8      | Gained mutation: A frigid envelope surrounds you and
                  | freezes all who hurt you. [potion of mutation]
 19811 | D:8      | Gained mutation: Armour fits poorly on your strangely
                  | shaped body. [potion of mutation]
 19811 | D:8      | Gained mutation: Your muscles are strong. (Str +2) [potion
                  | of mutation]
 19812 | D:8      | Lost mutation: Armour fits poorly on your strangely shaped
                  | body. [potion of mutation]
 19812 | D:8      | Gained mutation: You are resistant to electric shocks.
                  | (rElec) [potion of mutation]
 19812 | D:8      | Gained mutation: You are clumsy. (Dex -2) [potion of
                  | mutation]
 19812 | D:8      | Gained mutation: You have a pair of small horns on your
                  | head. [potion of mutation]
 19813 | D:8      | Lost mutation: You are robust. (+10% HP) [potion of
                  | mutation]
 19813 | D:8      | Lost mutation: You are clumsy. (Dex -2) [potion of
                  | mutation]
 19813 | D:8      | Lost mutation: You have a pair of small horns on your head.
                  | [potion of mutation]
 19813 | D:8      | Lost mutation: You occasionally shout uncontrollably at
                  | your foes. [potion of mutation]
 19813 | D:8      | Gained mutation: Your movements are slightly less
                  | encumbered by armour. (ER -2) [potion of mutation]
 20032 | Lair:1   | Reached XP level 13. HP: 81/81 MP: 25/29
 20299 | Lair:1   | Noticed Fannar
 20304 | Lair:1   | Killed Fannar
 20511 | Lair:1   | Offered knowledge of Ozocubu's Refrigeration by Vehumet.
 20888 | Lair:1   | Reached skill level 13 in Spellcasting
 22201 | Lair:2   | Learned a level 6 spell: Iron Shot
 22903 | Lair:3   | Found a staircase to the Snake Pit.
 22983 | Lair:3   | Found a staircase to the Swamp.
 23350 | Lair:3   | Noticed Snorg
 23365 | Lair:3   | Killed Snorg
 25291 | Lair:4   | Reached skill level 14 in Spellcasting
 25567 | Lair:4   | Noticed Josephine
 25707 | Lair:3   | Gained mutation: Your presence sometimes corrodes or
                  | deforms those you injure. [demonic ancestry]
 25707 | Lair:3   | Reached XP level 14. HP: 83/84 MP: 28/32
 25731 | Lair:4   | Killed Josephine
 26126 | Lair:4   | Noticed Urug
 26134 | Lair:4   | Killed Urug
 27006 | Lair:5   | Offered knowledge of Starburst by Vehumet.
 27142 | Lair:5   | You fall into a shaft and drop 1 floor!
 27142 | Lair:6   | Entered Level 6 of the Lair of Beasts
 28008 | Lair:6   | Identified the +0 leather armour of Asixt {rC+ Dex+2}
 28010 | Lair:6   | Identified the +2 buckler "Nuacaycw" {Contam rElec rC+ rN+}
 29624 | Lair:6   | Reached skill level 5 in Fighting
 29905 | Lair:6   | Found a runed translucent door.
 29905 | Lair:6   | Found a viscous altar of Jiyva.
 29906 | Lair:6   | Found a staircase to the Slime Pits.
 30313 | Lair:6   | Offered knowledge of Freezing Cloud by Vehumet.
 30347 | Lair:6   | Learned a level 5 spell: Freezing Cloud
 30618 | Orc:1    | Entered Level 1 of the Orcish Mines
 30695 | Orc:1    | Found Vyss's General Store.
 30698 | Orc:1    | Bought a scroll of magic mapping for 45 gold pieces
 30698 | Orc:1    | Bought a potion of haste for 130 gold pieces
 30703 | Orc:2    | Entered Level 2 of the Orcish Mines
 30792 | Orc:2    | Reached skill level 1 in Air Magic
 31036 | Orc:1    | Noticed Nergalle
 31047 | Orc:1    | Killed Nergalle
 31048 | Orc:1    | Reached XP level 15. HP: 103/103 MP: 21/33
 31430 | Orc:2    | Noticed an orc warlord
 31445 | Orc:2    | Killed an orc warlord
 31514 | Orc:2    | Reached skill level 15 in Spellcasting
 31660 | Orc:2    | Reached skill level 1 in Staves
 31760 | Orc:2    | Found a staircase to the Elven Halls.
 31843 | Orc:2    | Found Pufamin's Antique Armour Shoppe.
 31846 | Orc:2    | Found Kagep's General Store.
 31850 | Orc:2    | Found Ponul's Jewellery Shoppe.
 31907 | Orc:2    | Found Cuzih's Antique Weapon Shoppe.
 32116 | Orc:2    | Noticed an orc warlord
 32155 | Orc:1    | Killed an orc warlord
 32898 | Orc:2    | Bought the ring "Tuid" {Fly rN+ Will+ Str+4 SInv} for 916
                  | gold pieces
 32898 | Orc:2    | Bought a ring of protection from cold for 450 gold pieces
 32898 | Orc:2    | Bought a ring of protection from fire for 450 gold pieces
 33136 | D:13     | Noticed Frances
 33150 | D:13     | Killed Frances
 33363 | D:13     | Offered knowledge of Fireball by Vehumet.
 33626 | D:13     | Reached skill level 1 in Earth Magic
 33850 | D:13     | Noticed Jorgrun
 34167 | D:12     | Learned a level 5 spell: Fireball
 34384 | D:13     | Killed Jorgrun
 34448 | D:13     | Found a portal to a secret trove of treasure.
 34987 | D:14     | Found a frozen archway.
 35260 | IceCv    | Entered an ice cave
 35777 | IceCv    | Offered knowledge of Lee's Rapid Deconstruction by Vehumet.
 36144 | IceCv    | Got the Volume of Frigorific Fire
 36149 | IceCv    | Got the Compendium of Cold
 36423 | D:14     | Found a gate to the Vaults.
 36813 | D:14     | Reached XP level 16. HP: 111/115 MP: 28/35
 37008 | D:14     | Found an ancient bone altar of Kikubaaqudgha.
 37045 | D:14     | Reached skill level 5 in Dodging
 37218 | D:15     | Entered Level 15 of the Dungeon
 37220 | D:15     | Acquired the +0 cloak of Kerifieh {Str+4 Int+4}
 37365 | D:15     | Reached skill level 16 in Spellcasting
 37374 | D:15     | Reached skill level 5 in Shields
 37389 | D:15     | Found a gate leading to a gauntlet.
 37401 | Gauntlet | Entered a Gauntlet
 37401 | Gauntlet | Found a transporter.
 37401 | Gauntlet | Found a transporter.
 37469 | Gauntlet | Found a transporter.
 37469 | Gauntlet | Found a transporter.
 37492 | Gauntlet | Found a transporter.
 37502 | Gauntlet | Found a transporter.
 37502 | Gauntlet | Found a transporter.
 37506 | Gauntlet | Found a transporter.
 37533 | Gauntlet | Found a transporter.
 37540 | Gauntlet | Found a transporter.
 37558 | Gauntlet | Found a transporter.
 37603 | Gauntlet | Found a transporter.
 37624 | Gauntlet | Found a transporter.
 37708 | Gauntlet | Found a transporter.
 37723 | Gauntlet | Found a transporter.
 37726 | Gauntlet | Found the +3 crown of Dyrovepreva {rElec Int+2 SInv}
 37749 | Gauntlet | Found a transporter.
 37990 | Gauntlet | Identified the ring "Xuaffig" {rCorr MP+9}
 37990 | Gauntlet | Found the +2 hat of the Bear Spirit {Spirit, *Rage rN+
                  | Will++}
 38035 | Gauntlet | Acquired Sif Muna's Handbook of the Burning Escort
 38037 | Gauntlet | Acquired 911 gold pieces
 38041 | Gauntlet | Acquired 744 gold pieces
 38817 | D:15     | Found a staircase to the Depths.
 39350 | D:15     | Learned a level 3 spell: Swiftness
 39555 | Snake:1  | Entered Level 1 of the Snake Pit
 39574 | Snake:1  | Reached skill level 15 in Fire Magic
 40101 | Snake:1  | Found Zawanwa's Jewellery Emporium.
 40102 | Snake:1  | Found Peelaosch's Book Shop.
 40104 | Snake:1  | Found Rienust's Jewellery Emporium.
 40246 | Snake:1  | Bought the ring of Peace {rPois rC+ Will+ Dex+6} for 1152
                  | gold pieces
 40396 | Snake:1  | Identified the +1 leather armour of Vehumet's Delight
                  | {Str+6}
 40495 | Snake:1  | Offered knowledge of Maxwell's Capacitive Coupling by
                  | Vehumet.
 40507 | Snake:1  | Learned a level 8 spell: Maxwell's Capacitive Coupling
 40641 | Snake:1  | Reached skill level 15 in Conjurations
 41350 | Snake:2  | Found a flickering gateway to a bazaar.
 41362 | Bazaar   | Entered a bazaar
 41362 | Bazaar   | Found Hudwucka's Book Emporium.
 41362 | Bazaar   | Found Suguust's Book Shop.
 41362 | Bazaar   | Found Qutwijey's Book Shoppe.
 41362 | Bazaar   | Found Viweasch's Jewellery Shop.
 41364 | Bazaar   | Found Ischex's Book Shoppe.
 41400 | Bazaar   | Bought a manual of Fire Magic for 800 gold pieces
 41604 | Snake:2  | Upgraded the game from 0.28-a0-819-g6ef7baa362 to
                  | 0.28-a0-823-gb444dcf96d
 41624 | Snake:2  | Found an ancient bone altar of Kikubaaqudgha.
 42112 | Snake:2  | Gained mutation: You regenerate health from kills. [demonic
                  | ancestry]
 42112 | Snake:2  | Reached XP level 17. HP: 118/126 MP: 11/37
 43517 | Snake:3  | Noticed Aizul
 43524 | Snake:3  | Killed Aizul
 43529 | Snake:3  | Noticed Azrael
 43532 | Snake:3  | Killed Azrael
 44053 | Snake:3  | Reached skill level 17 in Spellcasting
 44286 | Snake:3  | Reached skill level 10 in Fighting
 44996 | Snake:4  | Entered Level 4 of the Snake Pit
 45137 | Snake:3  | Learned a level 8 spell: Ignition
 45830 | Snake:4  | Noticed Vashnia
 45980 | Snake:4  | Killed Vashnia
 46583 | Snake:3  | Gained mutation: You can speak a Word of Chaos. [demonic
                  | ancestry]
 46583 | Snake:3  | Reached XP level 18. HP: 115/136 MP: 11/39
 46743 | Snake:3  | Reached ****** piety under Vehumet
 47442 | Snake:4  | Found Aheabym's Armour Boutique.
 47509 | Snake:4  | Found Siadasch's Distillery.
 47514 | Snake:4  | Found Idaemaw's Antique Armour Boutique.
 47579 | Snake:4  | Found Wac Hoko's General Store.
 47787 | Snake:4  | Got a serpentine rune of Zot
 48172 | D:8      | Acquired the ring of Waabrai {Int+6 Dex+2}
 48256 | Swamp:1  | Entered Level 1 of the Swamp
 48359 | Swamp:1  | Offered knowledge of Shatter by Vehumet.
 48359 | Swamp:1  | Offered knowledge of Chain Lightning by Vehumet.
 48849 | Swamp:1  | Reached skill level 18 in Spellcasting
 50114 | Swamp:3  | Found a runed translucent gate.
 50114 | Swamp:3  | Found a runed translucent gate.
 50114 | Swamp:3  | Found a runed translucent gate.
 50116 | Swamp:3  | Noticed Xotausus's ghost (adept DsFi)
 50751 | Swamp:4  | Entered Level 4 of the Swamp
 50777 | Swamp:4  | Noticed Nikola
 50787 | Swamp:4  | Killed Nikola
 50900 | Swamp:4  | Noticed Louise
 50908 | Swamp:4  | Killed Louise
 51095 | Swamp:4  | Noticed Bai Suzhen
 51461 | Swamp:3  | Killed Bai Suzhen
 52560 | Swamp:4  | Reached XP level 19. HP: 146/146 MP: 32/41
 53020 | Swamp:4  | Got a decaying rune of Zot
 53895 | Elf:1    | Entered Level 1 of the Elven Halls
 55010 | Elf:1    | Got the Reference Book on the Escort
 55882 | Snake:4  | Bought a potion of experience for 700 gold pieces
 55882 | Snake:4  | Bought a potion of brilliance for 56 gold pieces
 55882 | Snake:4  | Bought a potion of brilliance for 56 gold pieces
 55882 | Snake:4  | Bought 2 potions of brilliance for 112 gold pieces
 55882 | Snake:4  | Bought a potion of lignification for 42 gold pieces
 55882 | Snake:4  | Bought a potion of cancellation for 112 gold pieces
 55882 | Snake:4  | Reached XP level 20. HP: 157/157 MP: 42/42
 56256 | Elf:2    | Reached skill level 19 in Spellcasting
 57487 | Elf:2    | Found a runed translucent gate.
 57488 | Elf:2    | Found a runed translucent gate.
 57488 | Elf:2    | Found a runed translucent gate.
 57516 | Elf:3    | Entered Level 3 of the Elven Halls
 58707 | Elf:3    | Paralysed by an air elemental for 1 turns
 58891 | Elf:3    | Identified the ring "Quahidgh" {Fire Int+3}
 58929 | Elf:3    | Identified the ring "Qoorek" {Fire rPois}
 59420 | Elf:3    | Identified the ring "Qutyef" {rPois rC- Str+3 Dex+6 Slay+3}
 59426 | Elf:3    | Gained mutation: You regenerate a lot of health from kills.
                  | [demonic ancestry]
 59426 | Elf:3    | Reached XP level 21. HP: 165/165 MP: 22/44
 59730 | Elf:3    | Reached skill level 5 in Earth Magic
 60007 | Elf:3    | Got the Guide on Black Rites
 60142 | Elf:3    | Learned a level 9 spell: Fire Storm
 60319 | D:10     | Killed jasper's ghost
 60412 | Depths:1 | Entered Level 1 of the Depths
 60757 | Depths:1 | Found Kezixoi's Antique Armour Emporium.
 60834 | Depths:1 | Found Esuopted's Antique Armour Boutique.
 60836 | Depths:1 | Found Duigriss's Assorted Antiques.
 60840 | Depths:1 | Bought a masterwork helmet for 304 gold pieces
 60840 | Depths:1 | Identified the +1 helmet "Cipp" {rF- rN+++} (You bought it
                  | in a shop on level 1 of the Depths)
 60847 | Depths:1 | Bought a scroll labelled SAOMUE UWAKLE for 44 gold pieces
 61573 | D:13     | You paid a toll of +3 ice dragon scales to enter a treasure
                  | trove
 61574 | Trove    | Entered a treasure trove
 61590 | Trove    | Got Sif Muna's Handbook of Confrontation and Enchantment
 61592 | Trove    | Got Sif Muna's Tome of Conjuration
 61594 | Trove    | Got Sif Muna's Catalogue of Harmful Darkness
 61611 | Trove    | Found the brooch of Shielding {Spirit SH+8}
 61618 | Trove    | Identified the ring of Hegulafe {rPois rF+ Str-2 Int+6
                  | Stlth+}
 62179 | Depths:1 | Reached skill level 20 in Spellcasting
 62358 | Depths:1 | Found a basalt altar of Yredelemnul.
 62554 | Depths:1 | Found a sparkling altar of Nemelex Xobeh.
 62951 | Depths:1 | Found a gateway to Hell.
 63130 | Depths:2 | Found a one-way gate leading to the halls of Pandemonium.
 63315 | Vaults:1 | Entered Level 1 of the Vaults
 63771 | Vaults:1 | Reached skill level 15 in Fighting
 64135 | Vaults:1 | Found Xynt's Antique Weapon Shop.
 66434 | Snake:4  | Bought a scroll of enchant armour for 150 gold pieces
 66854 | Vaults:1 | Found Byhesim's Antique Armour Boutique.
 66855 | Vaults:1 | Found Manoh's Assorted Antiques.
 66868 | Vaults:1 | Bought a potion of curing for 108 gold pieces
 66868 | Vaults:1 | Bought a potion of haste for 360 gold pieces
 67038 | Vaults:2 | Noticed Mara
 67050 | Vaults:2 | Noticed iamoutofideas's illusion
 67050 | Vaults:2 | Killed Mara
 67051 | Vaults:2 | Reached XP level 22. HP: 167/175 MP: 8/46
 69092 | Vaults:2 | Noticed SlowGraham's ghost (legendary KoMo)
 69100 | Vaults:2 | Found a transporter.
 69103 | Vaults:2 | Found a transporter.
 69428 | Vaults:2 | Reached skill level 21 in Spellcasting
 69773 | Vaults:2 | Found a staircase to the Crypt.
 70117 | Swamp:3  | Killed Xotausus's ghost
 70124 | Swamp:3  | Identified the ring of Qaxteimn {Will+ SInv}
 70662 | Vaults:3 | Noticed Xtahua
 70666 | Vaults:3 | Killed Xtahua
 71315 | Vaults:3 | Noticed Frederick
 71318 | Vaults:3 | Killed Frederick
 72987 | Vaults:4 | Identified the +1 scale mail "Hiwkafestry" {rElec rF-
                  | Int+7}
 73110 | Vaults:4 | Gained mutation: Spells you cast and wands you use may
                  | paralyse nearby enemies. [demonic ancestry]
 73110 | Vaults:4 | Reached XP level 23. HP: 185/185 MP: 41/48
 73643 | Vaults:4 | Found Sagequn's Weapon Shop.
 73654 | Vaults:4 | Identified the +6 bardiche of Corruption {vorpal, rF- rCorr
                  | Int+4 Stlth+}
 74193 | Vaults:5 | Entered Level 5 of the Vaults
 74418 | Vaults:5 | Noticed an ancient lich
 74422 | Vaults:5 | Killed an ancient lich
 74737 | Vaults:5 | Reached skill level 22 in Spellcasting
 74884 | Vaults:5 | Noticed an ancient lich
 75042 | Vaults:5 | Killed an ancient lich
 75846 | Vaults:5 | Reached XP level 24. HP: 195/195 MP: 7/49
 76171 | Vaults:5 | Found Guiwk's Antique Weapon Shoppe.
 76182 | Vaults:5 | Got a silver rune of Zot
 76227 | Vaults:5 | Found Axueqeox's Distillery.
 76228 | Vaults:5 | Found Piecrats's General Store.
 76231 | Vaults:5 | Found Ygyozyeb's General Store.
 76238 | Vaults:5 | Bought a potion of heal wounds for 85 gold pieces
 76238 | Vaults:5 | Bought a potion of curing for 51 gold pieces
 76238 | Vaults:5 | Bought a potion of magic for 136 gold pieces
 76238 | Vaults:5 | Bought a potion of curing for 51 gold pieces
 76238 | Vaults:5 | Bought a potion of magic for 136 gold pieces
 76238 | Vaults:5 | Bought 2 potions of haste for 340 gold pieces
 76238 | Vaults:5 | Bought 2 potions of curing for 102 gold pieces
 76242 | Vaults:5 | Bought a potion of curing for 42 gold pieces
 76277 | Vaults:5 | Found Nonec's Antique Armour Shop.
 76643 | Vaults:5 | Found Giuphuhi's Distillery.
 76648 | Vaults:5 | Bought a potion of haste for 120 gold pieces
 76648 | Vaults:5 | Bought a potion of heal wounds for 60 gold pieces
 76648 | Vaults:5 | Bought a potion of haste for 120 gold pieces
 76648 | Vaults:5 | Bought a potion of resistance for 120 gold pieces
 76870 | Vaults:5 | Found Bes Sewk's Distillery.
 76875 | Vaults:5 | Bought a potion of heal wounds for 80 gold pieces
 76875 | Vaults:5 | Bought a potion of heal wounds for 80 gold pieces
 76875 | Vaults:5 | Bought 2 potions of haste for 320 gold pieces
 76875 | Vaults:5 | Bought a potion of haste for 160 gold pieces
 76875 | Vaults:5 | Bought a potion of haste for 160 gold pieces
 77324 | Vaults:5 | Bought an ichor-stained leather armour for 350 gold pieces
 77324 | Vaults:5 | Identified the +0 leather armour of Past Mistakes {Will++
                  | Stlth+} (You bought it in a shop on level 5 of the Vaults)
 77541 | D:15     | Learned a level 6 spell: Statue Form
 77753 | Depths:2 | Found an iron altar of Okawaru.
 78395 | Depths:2 | Noticed the Enchantress
 78402 | Depths:2 | Killed the Enchantress
 79149 | Depths:2 | Found a gateway to a ziggurat.
 79157 | Depths:2 | Found Sonki's Magic Scroll Boutique.
 79195 | Depths:2 | Reached skill level 1 in Ice Magic
 80202 | Depths:3 | Found a one-way gate to the infinite horrors of the Abyss.
 80232 | Depths:3 | Reached skill level 23 in Spellcasting
 80274 | Depths:3 | Found an opulent altar of Gozag.
 80739 | Depths:3 | Noticed a juggernaut
 80806 | Depths:3 | Killed a juggernaut
 81995 | Depths:4 | Entered Level 4 of the Depths
 82096 | Depths:4 | Found a huge runed gate.
 82096 | Depths:4 | Found a huge runed gate.
 82097 | Depths:4 | Found a huge runed gate.
 82097 | Depths:4 | Found a huge runed gate.
 82097 | Depths:4 | Found a huge runed gate.
 82097 | Depths:4 | Found a huge runed gate.
 82097 | Depths:4 | Found a huge runed gate.
 82097 | Depths:4 | Found a huge runed gate.
 82098 | Depths:4 | Found a huge runed gate.
 82099 | Depths:4 | Found a huge runed gate.
 82103 | Depths:4 | Found a huge runed gate.
 82104 | Depths:4 | Found a huge runed gate.
 82105 | Depths:4 | Found a huge runed gate.
 82132 | Depths:4 | Found a huge runed gate.
 82132 | Depths:4 | Found a huge runed gate.
 82136 | Depths:4 | Found a huge runed gate.
 82136 | Depths:4 | Found a huge runed gate.
 82143 | Depths:4 | Found a huge runed gate.
 82144 | Depths:4 | Found a huge runed gate.
 82881 | Depths:4 | Gained mutation: You have an absolutely massive brain. (Int
                  | +6, Wiz) [demonic ancestry]
 82881 | Depths:4 | Reached XP level 25. HP: 185/205 MP: 36/50
 82990 | Depths:4 | Found a gate to the Realm of Zot.
 83128 | Depths:4 | Found a huge runed gate.
 83129 | Depths:4 | Found a huge runed gate.
 83129 | Depths:4 | Found a huge runed gate.
 83129 | Depths:4 | Found a huge runed gate.
 83130 | Depths:4 | Found a huge runed gate.
 83130 | Depths:4 | Found a huge runed gate.
 83130 | Depths:4 | Found a huge runed gate.
 83131 | Depths:4 | Found a huge runed gate.
 83132 | Depths:4 | Found a huge runed gate.
 83133 | Depths:4 | Found a huge runed gate.
 83134 | Depths:4 | Found a huge runed gate.
 83135 | Depths:4 | Found a huge runed gate.
 83153 | Depths:4 | Noticed Margery
 83163 | Depths:4 | Killed Margery
 83402 | Depths:4 | Found a huge runed gate.
 83403 | Depths:4 | Found a huge runed gate.
 83404 | Depths:4 | Found a huge runed gate.
 83405 | Depths:4 | Found a huge runed gate.
 83406 | Depths:4 | Found a huge runed gate.
 83906 | Depths:4 | Noticed Waedd's ghost (journeyman OpVM)
 83907 | Depths:4 | Noticed Woytaw's ghost (adept HaHu)
 83907 | Depths:4 | Noticed Bocughoh's ghost (adept HaHu)
 83908 | Depths:4 | Noticed Zelyutor's ghost (adept TrMo)
 83908 | Depths:4 | Noticed Hasuug's ghost (adept HaHu)
 83908 | Depths:4 | Noticed Woytaw's ghost (adept HaHu)
 83909 | Depths:4 | Killed Bocughoh's ghost
 83909 | Depths:4 | Killed Woytaw's ghost
 83910 | Depths:4 | Killed Woytaw's ghost
 83910 | Depths:4 | Killed Hasuug's ghost
 83912 | Depths:4 | Killed Zelyutor's ghost
 83914 | Depths:4 | Killed Waedd's ghost
 84006 | Depths:4 | Identified the +4 rapier of Gravity {antimagic, Will+}
 84041 | Depths:4 | Identified the +7 scythe of the Final Decision {drain, rC+
                  | Will+}
 84264 | Depths:1 | Bought a bloodstained chain mail for 285 gold pieces
 84264 | Depths:1 | Identified the +1 chain mail of Recklessness {Harm rElec
                  | rPois} (You bought it in a shop on level 1 of the Depths)
 84477 | Crypt:1  | Entered Level 1 of the Crypt
 85417 | Vaults:2 | Reached skill level 1 in Transmutations
 85433 | Vaults:2 | Killed SlowGraham's ghost
 85635 | Crypt:1  | Reached skill level 24 in Spellcasting
 86999 | Crypt:2  | Noticed Jory
 87211 | Crypt:1  | Killed Jory
 87852 | Crypt:2  | Found a basalt altar of Yredelemnul.
 87916 | Crypt:2  | Found a basalt altar of Yredelemnul.
 88073 | Crypt:3  | Entered Level 3 of the Crypt
 88335 | Crypt:3  | Found a basalt altar of Yredelemnul.
 88557 | Crypt:3  | Reached XP level 26. HP: 137/213 MP: 32/51
 88705 | Crypt:3  | Identified the +7 quarterstaff of Annihilation {antimagic,
                  | Will+ Int+6 Dex+2}
 88806 | Crypt:3  | Found a staircase to the Tomb.
 89539 | Crypt:3  | Identified the +1 spear "Murphyry" {vamp, rC+ Int+6}
 89824 | Crypt:3  | Identified the ring of Targhoud {Drain rPois Will+ rCorr}
 89844 | Crypt:3  | Acquired 403 gold pieces
 89874 | Tomb:1   | Entered Level 1 of the Tomb of the Ancients
 90084 | D:14     | Learned a level 8 spell: Necromutation
 90413 | Slime:1  | Entered Level 1 of the Pits of Slime
 90675 | Slime:3  | Noticed Dissolution
 90679 | Slime:3  | Killed Dissolution
 90868 | Slime:3  | Found a viscous altar of Jiyva.
 91068 | Slime:5  | Entered Level 5 of the Pits of Slime
 91082 | Slime:5  | Reached skill level 25 in Spellcasting
 91095 | Slime:5  | Noticed the Royal Jelly
 91711 | Slime:5  | Killed the Royal Jelly
 91960 | Slime:5  | Found the +8 longbow "Zephyr" {speed, Dex+3 SInv}
 91962 | Slime:5  | Identified the amulet "Nim Kyko" {Faith rC+ Will- MP+9
                  | Dex+4}
 91980 | Slime:5  | Got a slimy rune of Zot
 91991 | Slime:5  | Identified the +2 leather armour "Luhuy" {Rampage}
 92023 | Slime:5  | Identified the ring "Xirik" {rPois rF+ Str+3}
 92033 | Slime:5  | Identified the +1 leather armour of the Saviour {Str+4}
 92034 | Slime:5  | Identified the +3 chain mail "Wihoyfiw" {Rampage rF+ rCorr}
 92508 | Depths:3 | Voluntarily entered the Abyss.
 92553 | Abyss:2  | Found a corrupted altar of Lugonu.
 93104 | Abyss:3  | Noticed a dread lich
 93108 | Abyss:3  | Killed a dread lich
 93113 | Depths:3 | Escaped the Abyss
 93251 | Depths:3 | Voluntarily entered the Abyss.
 93378 | Abyss:2  | Found a corrupted altar of Lugonu.
 93393 | Abyss:2  | Found a corrupted altar of Lugonu.
 93918 | Abyss:3  | Found a corrupted altar of Lugonu.
 94038 | Abyss:4  | Reached XP level 27. HP: 220/220 MP: 17/52
 94276 | Abyss:4  | Found a corrupted altar of Lugonu.
 94370 | Abyss:4  | Got an abyssal rune of Zot
 94388 | Depths:3 | Escaped the Abyss
 94766 | Zot:1    | Entered Level 1 of the Realm of Zot
 94837 | Zot:1    | Reached skill level 5 in Armour
 95113 | Zot:1    | Reached skill level 26 in Spellcasting
 95230 | Zot:1    | Noticed an orb of fire
 95238 | Zot:1    | Killed an orb of fire
 96016 | Zot:2    | Noticed an orb of fire
 96023 | Zot:2    | Gained mutation: You have large cloven feet. [an orb of
                  | fire]
 96026 | Zot:2    | Killed an orb of fire
 96614 | Zot:2    | Noticed an orb of fire
 96633 | Zot:2    | Killed an orb of fire
 97254 | Zot:2    | Learned a level 9 spell: Chain Lightning
 97428 | Hell     | Entered the Vestibule of Hell
 97428 | Hell     | Noticed Geryon
 97432 | Hell     | Killed Geryon
 97433 | Hell     | Reached skill level 5 in Air Magic
 97803 | Hell     | Noticed Murray
 98604 | Zig:1    | Entered Level 1 of a ziggurat
 98725 | Zig:1    | Identified the +1 helmet of Circular Logic {Regen+ MP+9
                  | Int-3 Slay+2}
 98757 | Zig:2    | Entered Level 2 of a ziggurat
 98784 | Zig:2    | Learned a level 2 spell: Blink
 98793 | Zig:3    | Entered Level 3 of a ziggurat
 98818 | Zig:4    | Entered Level 4 of a ziggurat
 98820 | Zig:4    | Noticed an ancient lich
 98823 | Zig:4    | Killed an ancient lich
 98841 | Zig:4    | Got Sif Muna's Guide on the Vitriolic Oath
 98856 | Zig:5    | Entered Level 5 of a ziggurat
 98861 | Zig:5    | Found the +8 mithril axe "Arga" {speed, Will+}
 98891 | Zig:6    | Entered Level 6 of a ziggurat
 98908 | Zig:6    | Got Sif Muna's Compendium of Bewitching Flight
 98915 | Zig:6    | Identified the +7 falchion of the Thirsty Teeth {antimagic,
                  | rN+}
 98950 | Zig:7    | Entered Level 7 of a ziggurat
 98999 | Zig:8    | Entered Level 8 of a ziggurat
 99005 | Zig:8    | Noticed a juggernaut
 99006 | Zig:8    | Reached skill level 10 in Air Magic
 99007 | Zig:8    | Killed a juggernaut
 99034 | Zig:8    | Identified the +5 quarterstaff "Nias" {vorpal, rPois rF+
                  | Stlth+}
 99054 | Zig:9    | Entered Level 9 of a ziggurat
 99061 | Zig:9    | Found the amulet of the Four Winds {rN+ Will+++ Clar}
 99062 | Zig:9    | Noticed a juggernaut
 99063 | Zig:9    | Noticed a juggernaut
 99066 | Zig:9    | Killed a juggernaut
 99067 | Zig:9    | Killed a juggernaut
 99114 | Zig:9    | Identified the ring of Kaefueg {Ice rN+ Str-3 Dex+2}
 99117 | Zig:9    | Identified the ring of Peguraer {Fly Str+2}
 99128 | Zig:9    | Got the Catalogue of Creative Transmigration
 99189 | Zig:10   | Entered Level 10 of a ziggurat
 99195 | Zig:10   | Noticed Caser the pandemonium lord
 99206 | Zig:10   | Killed Caser the pandemonium lord
 99305 | Zig:11   | Entered Level 11 of a ziggurat
 99315 | Zig:11   | Noticed Jost the pandemonium lord
 99317 | Zig:11   | Reached skill level 27 in Spellcasting
 99321 | Zig:11   | Killed Jost the pandemonium lord
 99343 | Zig:11   | Identified the ring of Psychosis {rElec rC+ Str+4 Int-5
                  | SInv}
 99361 | Zig:11   | Reached skill level 5 in Necromancy
 99368 | Zig:12   | Entered Level 12 of a ziggurat
 99377 | Zig:12   | Noticed an ancient lich
 99378 | Zig:12   | Noticed an ancient lich
 99380 | Zig:12   | Killed an ancient lich
 99380 | Zig:12   | Noticed an ancient lich
 99381 | Zig:12   | Killed an ancient lich
 99382 | Zig:12   | Killed an ancient lich
 99476 | Zig:13   | Entered Level 13 of a ziggurat
 99569 | Zig:13   | Identified the +0 helmet of Jamou {rN+ Regen+ Int+3}
 99589 | Zig:13   | Identified the +9 arbalest of Xoareff {freeze, Str+6}
 99605 | Zig:14   | Entered Level 14 of a ziggurat
 99614 | Zig:14   | Noticed an ancient lich
 99617 | Zig:14   | Killed an ancient lich
 99633 | Zig:14   | Mangled by an iron golem

Illustrated notes

Levels and vault maps discovered:
D:1:      ldierk_walled_garden_2, layout_basic, ebering_ecumenical_altar_box,
          fountainhead
D:2:      wander_river, layout_basic
D:3:      layout_loops_cross, minmay_misc_feat_iff, minmay_surrounded
D:4:      layout_loops_corners, nicolae_dithmenos_the_darkroom, serial_undead,
          serial_undead_c, serial_undead_c, serial_undead_c, serial_undead_f,
          gup_sewer_entry_pipe, serial_bayou_pond_a
D:5:      layout_gridville, nzn_wu_jian_contemplation, nicolae_shop_clearance,
          uniq_blork_the_orc, uniq_menkaure, uniq_eustachio, uniq_pikel
D:6:      wad_lake_hut, layout_cave_pools, grunt_temple_overflow_opulence,
          minitemple, minivault_27, hangedman_abyss_or_decor_stagger,
          uniq_sigmund
D:7:      kennysheep_six_static_rooms, layout_basic, minmay_temple_entry_glass,
          minmay_starry_boxes
D:8:      layout_gridville, tgw_fedhas, due_lair_maze_entry_diamond,
          lemuel_flame_loot_1, uniq_erica
D:9:      cheibrodos_iron_armory, layout_basic, amcnicky_altar_gilded,
          marbit_many_paths, hangedman_ru_absence,
          grunt_temple_overflow_diamond, uniq_grum
D:10:     layout_rooms, david_orc_4, gammafunk_ghost_necromancy
D:11:     layout_roguey [special_room_orc], enter_bailey_2
D:12:     layout_loops_cross, nooodl_orcs_dogs, uniq_nessos, uniq_kirke
D:13:     minmay_curly_fans, layout_loops_ring, enter_trove_2, uniq_jorgrun,
          uniq_frances
D:14:     layout_small_grid, david_vaults_1,
          portal_ice_cave_entry_ice_simulacra,
          nicolae_kikubaaqudgha_miasma_corner
D:15:     grunt_enter_depths_hoard, layout_gridville, minmay_misc_feat_five,
          gauntlet_entry_generic
Temple:   corrupted_temple
Lair:1:   layout_layer_cave, uniq_fannar
Lair:2:   layout_cellular_growth, grunt_megastairs_1
Lair:3:   dreamdust_isle_of_ice, layout_hall_layers, minmay_swamp_entry_eels,
          guppyfry_snake_entry_island, serial_bayou_shore_b, uniq_snorg
Lair:4:   layout_cave_pods, uniq_josephine, uniq_urug
Lair:5:   layout_regular_city, pond, grunt_megastairs_4
Lair:6:   minmay_lair_end_enchanted_forest, layout_gridlike, slime_altar_2,
          dpeg_oklob_1, serial_bayou_shore_b, serial_bayou_shore_b,
          serial_bayou_shore_a
Swamp:1:  layout_falls_marsh, nicolae_swamp_dense_foliage,
          beargit_elvish_explorers
Swamp:2:  layout_basic_swamp, nicolae_swamp_ascending_descending,
          nicolae_swamp_dragon_and_kin
Swamp:3:  layout_falls_marsh, gammafunk_ghost_hydra_chop, hangedman_swamp_lotus
Swamp:4:  swamp_vile, layout_basic_swamp, swamp_pool1, uniq_louise,
          uniq_bai_suzhen, uniq_nikola
Snake:1:  nicolae_snake_nest, layout_grid_maze, minmay_shop_grove
Snake:2:  layout_basic, basic_altar, serial_shops, bzr_in_the_mist,
          nicolae_snake_gridmaze_tees, nicolae_snake_gridmaze_zigzag,
          st_stairs_8
Snake:3:  layout_onion_interference, uniq_aizul, uniq_azrael
Snake:4:  johnstein_snake_rune_scales, layout_misc_corridors, serial_shops,
          nicolae_shop_temple_entry_statues_fountains, shop, shop, shop,
          minmay_snake_pond
Slime:1:  layout_caves
Slime:2:  layout_caves, cheibrodos_slime_lost_civilization_7
Slime:3:  layout_caves, basic_altar, uniq_dissolution
Slime:4:  layout_caves
Slime:5
Orc:1:    layout_caves, serial_shops, nicolae_shop_behind_doors, uniq_nergalle
Orc:2:    grunt_orc_cross, layout_diamond_mine, nicolae_orc_sculptors_studio
Elf:1:    nicolae_elf_arrival_fired_up, layout_geoelf_diagonals,
          minmay_elf_demonology
Elf:2:    nicolae_elf_blades_crystal_corner, layout_gridlike
Elf:3:    minmay_elf_hall_golems, layout_geoelf_castle
Vaults:1: v_misc_22, vaults_room_boxed, hangedman_vaults_slither, st_octagons_1,
          v_misc_18, vaults_room_grid, hangedman_vaults_cutoff,
          nicolae_vaults_little_squares_6, v_misc_30, vaults_room_fancy_cross,
          vaults_dpeg_ring, ontoclasm_vaults_twist, grunt_vaults_funnel,
          layout_vaults_maze_bifur, serial_shops, nicolae_square_shop,
          nicolae_shop_trees, shop
Vaults:2: gammafunk_ghost_arena, v_pattern_3, ontoclasm_vaults_gateway,
          hangedman_vaults_river_flow, nicolae_vaults_asterisk,
          minmay_crypt_entry_skeletal_spiral, hangedman_vaults_stagger,
          st_smaller_cells, nicolae_vaults_diagonal_hallway_7, v_misc_10,
          ontoclasm_vaults_eye, nicolae_vaults_rhombus_6, vaults_room_corners,
          layout_vaults_big_room, uniq_mara
Vaults:3: vaults_room_grunt_arrival_ludios, nicolae_vaults_network_square,
          nicolae_vaults_gold_heap, grunt_vaults_hallway_long,
          nicolae_vaults_diagonal_hallway_7, special_room_vaults
          [special_room_orc], nicolae_vaults_network_barrier,
          ontoclasm_vaults_ring_square, vaults_dpeg_hooks, vaults_room_pools,
          grunt_vaults_focal, vaults_room_pool, layout_vaults_quadrants,
          uniq_frederick, uniq_xtahua
Vaults:4: nicolae_vaults_little_squares_3, hangedman_vaults_hat,
          hangedman_vaults_trim, nicolae_vaults_three_branches,
          ontoclasm_vaults_claustrophobia, serial_ice_g,
          nicolae_vaults_statue_guard, nicolae_vaults_alarming,
          hangedman_vaults_variations, v_misc_3, ontoclasm_vaults_hangar,
          v_misc_8, nicolae_vaults_specimen_jars, layout_vaults_omnibox,
          serial_shops, shop_statue
Vaults:5
Crypt:1:  layout_regular_city
Crypt:2:  layout_chaotic_city, hangedman_feature_mirror, uniq_jory
Crypt:3:  grunt_crypt_end_deaths_head
Tomb:1
Depths:1: layout_basic, pf_coc_iceberg, yredelemnul_altar_generic,
          grunt_decor_mini_mirrors, nicolae_wooded_promenade,
          chequers_serial_rivers_room_a, nemelex_altar_shiori,
          serial_bayou_shore_b
Depths:2: minmay_the_grid_square_5x5_4x4 [minmay_the_grid_square_5x5_bite,
          minmay_the_grid_square_5x5_one_wall, minmay_the_grid_square_5x5_v,
          minmay_the_grid_square_5x5_checkered_statues,
          minmay_the_grid_square_5x5_pentomino_r,
          minmay_the_grid_square_5x5_prize_junk,
          minmay_the_grid_square_5x5_prize_deathbox,
          minmay_the_grid_square_5x5_inner_i,
          minmay_the_grid_square_5x5_detours,
          minmay_the_grid_square_5x5_prize_gold,
          minmay_the_grid_square_5x5_prize_itemx,
          minmay_the_grid_square_5x5_six_small,
          minmay_the_grid_square_5x5_bracketed,
          minmay_the_grid_square_5x5_tri_point,
          minmay_the_grid_square_5x5_bridge, minmay_the_grid_square_5x5_forky],
          layout_gridville, enter_ziggurat_f, serial_shops, shop, pan_entry,
          hangedman_tar_grid_catacomb, okawaru_gym_becter, uniq_enchantress
Depths:3: hangedman_cross_veins, layout_honeycomb, hangedman_abyss_entry_splay,
          nicolae_gozag_seed_capital, hell_entry, grunt_decor_fettered,
          nrook_kobold_shadow_demons, infiniplex_staircase_pillars_2
Depths:4: evilmike_zot_entry_gauntlet, layout_basic,
          hangedman_abyss_or_decor_clamps, hell_entry,
          gammafunk_ghost_door_vault, nrook_uturn, uniq_margery
Hell
Zot:1:    layout_cellular_growth
Zot:2:    grunt_deathspiral_small, layout_onion_interference, nzn_random_ring,
          lemuel_elevator
Zig:14

Skill      XL: |  1  2  3  4  5  6  7  8  9 10 11 12 13 14 15 16 17 18 19 20 21 22 23 24 25 26 27 |
---------------+----------------------------------------------------------------------------------+-----
Fire Magic     | 3 4 5 6 7 9 11 12 13 14 15 16 18 19 20 21 22 23 24 26 | 26.0
Dodging        | 2 3 4 5 6 7 8 |  8.1
Spellcasting   | 3 4 5 7 8 9 11 12 14 15 16 17 18 19 20 21 22 23 24 25 27 | 27.0
Conjurations   | 2 4 5 6 7 8 10 11 12 13 14 15 16 17 18 19 20 22 | 22.1
Shields        | 1 4 5 6 7 8 |  8.7
Fighting       | 1 5 7 9 10 12 13 14 15 16 17 18 19 | 19.5
Armour         | 1 3 4 5 |  5.3
Air Magic      | 1 2 3 4 13 | 13.2
Staves         | 1 2 3 |  3.8
Earth Magic    | 1 3 4 5 6 7 8 |  8.1
Ice Magic      | 1 |  1.6
Transmutations | 2 |  2.9
Necromancy     | 5 |  5.5
Short Blades   | |  0.1
Long Blades    | |  0.4
Stealth        | |  1.7
Translocations | |  0.8

Action                   |  1- 3 |  4- 6 |  7- 9 | 10-12 | 13-15 | 16-18 | 19-21 | 22-24 | 25-27 || total
-------------------------+-------+-------+-------+-------+-------+-------+-------+-------+-------++-------
Melee: Unarmed           |     3 |       |       |       |       |       |       |       |     2 ||     5
       Dagger            |       |     4 |       |       |       |       |       |       |       ||     4
       Staff             |       |     1 |     4 |     7 |    17 |    19 |    41 |   158 |   164 ||   411
       Touch             |       |     1 |     1 |     1 |       |       |       |       |       ||     3
       Katana            |       |       |       |       |       |       |       |     4 |       ||     4
 Cast: Foxfire           |   105 |   165 |   392 |   410 |   359 |    11 |    10 |    14 |       ||  1466
       Scorch            |     2 |     9 |    12 |    26 |    52 |     4 |     8 |    10 |     8 ||   131
       Flame Wave        |       |       |     8 |    72 |   174 |    75 |    33 |    63 |    63 ||   488
       Lightning Bolt    |       |       |       |       |    29 |    49 |     9 |    23 |    28 ||   138
       Iron Shot         |       |       |       |       |    25 |   100 |    83 |   142 |   147 ||   497
       Mephitic Cloud    |       |       |       |       |     4 |       |     2 |     3 |       ||     9
       Freezing Cloud    |       |       |       |       |     7 |    25 |     7 |    18 |    10 ||    67
       Fireball          |       |       |       |       |    34 |   246 |   196 |   168 |   170 ||   814
       Conjure Ball Ligh |       |       |       |       |     1 |       |       |       |       ||     1
       Ignition          |       |       |       |       |       |    48 |    84 |   101 |   190 ||   423
       Swiftness         |       |       |       |       |       |     1 |       |     1 |     2 ||     4
       Fire Storm        |       |       |       |       |       |       |     3 |    76 |   186 ||   265
       Statue Form       |       |       |       |       |       |       |       |       |     2 ||     2
       Chain Lightning   |       |       |       |       |       |       |       |       |    16 ||    16
       Blink             |       |       |       |       |       |       |       |       |     1 ||     1
Evoke: Wand              |       |       |       |     2 |       |       |     5 |     2 |     2 ||    11
       Condenser vane    |       |       |       |       |     1 |       |     1 |       |       ||     2
       Phantom mirror    |       |       |       |       |       |       |       |       |     1 ||     1
  Use: Scroll            |       |     7 |     4 |    18 |    12 |    13 |    10 |     7 |    17 ||    88
       Potion            |       |       |       |    11 |     2 |       |     9 |     6 |    21 ||    49
 Stab: Paralysed         |       |     3 |     1 |     2 |     2 |       |     1 |     9 |    14 ||    32
       Confused          |       |       |       |       |       |       |     1 |       |       ||     1
Armor: Robe              |     3 |     2 |     9 |    10 |    20 |       |       |       |       ||    44
       Skin              |       |       |       |     1 |     1 |       |       |       |     6 ||     8
       Leather armour    |       |       |       |     7 |    49 |    73 |    28 |       |       ||   157
       Ring mail         |       |       |       |       |       |       |     3 |    59 |   157 ||   219
       Acid dragon scale |       |       |       |       |       |       |       |    17 |    28 ||    45
Dodge: Dodged            |    16 |     9 |    17 |    52 |    95 |   106 |    69 |   165 |   260 ||   789
Block: Other             |       |     3 |    10 |    17 |    29 |       |       |       |       ||    59
       Reflection        |       |       |     2 |     9 |    10 |    30 |    37 |    19 |     8 ||   115
       Buckler           |       |       |       |       |    93 |   147 |    85 |   212 |   260 ||   797

Table legend: (Time is in decaauts)
 A = Elapsed time spent in this place.
 B = Non-inter-level travel time spent in this place.
 C = Inter-level travel time spent in this place.
 D = Time resting spent in this place.
 E = Time spent auto-exploring this place.
 F = Levels seen in this place.
 G = Mean time per level.
                   A        B        C        D        E       F      G
               +--------+--------+--------+--------+--------+-----+--------+
         Total | 100424 |  89996 |  10428 |  24065 |  49895 |  83 | 1209.9 |
       Dungeon |  26331 |  22239 |   4092 |   3959 |  14627 |  15 | 1755.4 |
        Temple |     62 |     35 |     27 |      0 |     28 |   1 |   62.0 |
          Lair |  11860 |  10268 |   1592 |   2706 |   6104 |   6 | 1976.7 |
         Swamp |   5684 |   5285 |    399 |   2107 |   2394 |   4 | 1421.0 |
     Snake Pit |   8886 |   8143 |    743 |   2817 |   4321 |   4 | 2221.5 |
    Slime Pits |   1789 |   1693 |     96 |   1107 |     57 |   5 |  357.8 |
  Orcish Mines |   2696 |   2310 |    386 |    653 |   1241 |   2 | 1348.0 |
   Elven Halls |   5815 |   5362 |    453 |   1781 |   2660 |   3 | 1938.3 |
        Vaults |  13018 |  11873 |   1145 |   3396 |   6728 |   5 | 2603.6 |
         Crypt |   4931 |   4736 |    195 |    482 |   3433 |   3 | 1643.7 |
          Tomb |      1 |      1 |      0 |      0 |      0 |   1 |    1.0 |
        Depths |  10332 |   9144 |   1188 |   2837 |   4846 |   4 | 2583.0 |
          Hell |     27 |     27 |      0 |      0 |      0 |   1 |   27.0 |
           Zot |   2569 |   2464 |    105 |    943 |   1138 |   2 | 1284.5 |
         Abyss |   1738 |   1738 |      0 |    189 |    477 |   7 |  248.3 |
      Ziggurat |   1009 |   1009 |      0 |    250 |     43 |  14 |   72.1 |
        Bazaar |     62 |     62 |      0 |      0 |     33 |   1 |   62.0 |
         Trove |     95 |     95 |      0 |      0 |     18 |   1 |   95.0 |
         Sewer |    904 |    904 |      0 |     87 |    675 |   1 |  904.0 |
        Bailey |    821 |    821 |      0 |    163 |    375 |   1 |  821.0 |
      Ice Cave |   1133 |   1133 |      0 |    476 |    411 |   1 | 1133.0 |
      Gauntlet |    650 |    650 |      0 |    110 |    284 |   1 |  650.0 |
               +--------+--------+--------+--------+--------+-----+--------+

Top non-repeatable levels by time:
 Snake:3: 4255 daAuts
Depths:4: 3424 daAuts
     D:8: 3274 daAuts
Vaults:2: 3238 daAuts
Vaults:1: 2989 daAuts
   Elf:3: 2749 daAuts
Depths:3: 2508 daAuts
Vaults:4: 2497 daAuts
  Lair:1: 2460 daAuts
  Lair:3: 2456 daAuts
Vaults:3: 2382 daAuts
    D:15: 2321 daAuts
  Lair:6: 2302 daAuts
Depths:2: 2294 daAuts
Depths:1: 2105 daAuts
